 Dungeon Crawl Stone Soup version 0.30-a0-989-g0d87f670db (webtiles) character file.

Game seed: 13160693637846917268

1140 leviel the Trooper (level 8, 0/71 HPs)
             Began as a Hill Orc Fighter on Apr 3, 2023.
             Slain by a wight
             ... wielding a +1 battleaxe of flaming
              (1 damage)
             ... on level 6 of the Dungeon.
             The game lasted 00:06:37 (3472 turns).

leviel the Trooper (Hill Orc Fighter)               Turns: 3472, Time: 00:06:38

Health: 0/71       AC: 25    Str: 27    XL:     8   Next: 37%
Magic:  8/8        EV:  4    Int:  8    God:
Gold:   255        SH: 10    Dex: 10    Spells: 7/7 levels left

rFire   + . .      SeeInvis .    a - +0 war axe
rCold   . . .      Faith    .    c - +0 buckler
rNeg    . . .      Spirit   .    e - +6 crystal plate armour "Aczod" {rF+ Stlth+}
rPois   .          Reflect  +    (no helmet)
rElec   .          Rampage  .    p - +0 cloak {Stlth+}
rCorr   .                        (no gloves)
Will    .....                    (no boots) Stlth
                                 i - amulet of reflection
HPRegen 0.31/turn                r - +6 ring of strength
MPRegen 0.11/turn                (no ring)

@: mighty, marked, invisible
A: no striking features
a: no special abilities


You were on level 6 of the Dungeon.
You visited 1 branch of the dungeon, and saw 6 of its levels.

You collected 255 gold pieces.

Inventory:

Hand Weapons
 a - a +0 war axe (weapon)
 d - a +3 dagger of freezing
Missiles
 n - 5 curare-tipped darts (quivered)
Armour
 c - a +0 buckler (worn)
 e - the +6 crystal plate armour "Aczod" (worn) {rF+ Stlth+}
   (You acquired it on level 2 of the Dungeon)

   rF:        It protects you from fire.
   Stlth:     It makes you more stealthy.
 p - a +0 cloak of stealth (worn)
Jewellery
 i - an amulet of reflection (around neck)
 r - a +6 ring of strength (left hand)
Wands
 w - a wand of charming (11)
Scrolls
 b - 2 scrolls of identify {@r1}
 f - a scroll of teleportation
 j - 2 scrolls of blinking {unknown}
 m - a scroll of summoning {unknown}
 q - a scroll of poison {unknown}
 s - a scroll of brand weapon
 t - a scroll of noise {unknown}
 x - a scroll of enchant armour {unknown}
Potions
 g - a potion of invisibility
 h - 2 potions of might
 k - a potion of mutation {unknown}
 l - a potion of degeneration {unknown}
 o - a potion of curing
 u - a potion of lignification {unknown}
 v - 2 potions of attraction {unknown}


   Skills:
 + Level 6.8 Fighting
 + Level 6.8 Axes
 + Level 6.2 Armour
 + Level 6.2 Shields


You had 7 spell levels left.
You didn't know any spells.
Your spell library contained the following spells:

 Spells                   Type           Power      Damage    Failure   Level
 Freeze                   Ice            0%         1d3       100%        1
 Kiss of Death            Conj/Necr      0%         2d5       100%        1
 Slow                     Hex            0%         N/A       100%        1
 Confusing Touch          Hex            0%         N/A       100%        3
 Frozen Ramparts          Ice            0%         1d1       100%        3
 Hailstorm                Conj/Ice       0%         3d3       100%        3
 Vampiric Draining        Necr           0%         2d6       100%        3
 Dispel Undead            Necr           0%         3d6       100%        4
 Ice Form                 Ice/Tmut       0%         N/A       100%        4
 Summon Ice Beast         Ice/Summ       0%         N/A       100%        4


Dungeon Overview and Level Annotations

Branches:
Dungeon (6/15)
 Temple: D:4-7

Altars:
Elyvilon
Kikubaaqudgha

Shops:
D:2 (

Annotations:
D:2 1 runed translucent door, Crazy Yiuf


Message History

The wight hits you but does no damage.
The centaur hits you but does no damage.
The centaur kicks you but does no damage.
You hit the wight.
The wight is lightly damaged.
You hit the centaur but do no damage. You block the centaur's attack.
The centaur kicks you but does no damage.
The wight hits you but does no damage. You block the wight's attack.
The centaur hits you but does no damage.
The centaur kicks you but does no damage.
You block the wight's attack. x2
You barely miss the wight.
The wight is lightly damaged.
You catch the helpless centaur completely off-guard!
You slash the centaur! You block the centaur's attack.
The centaur kicks you but does no damage.
The centaur hits you.
* * * LOW HITPOINT WARNING * * *
The centaur kicks you but does no damage.
The wight hits you from afar with a +0 trident!
* * * LOW HITPOINT WARNING * * *
You block the wight's attack.
You hit the wight.
The wight is moderately damaged.
You catch the helpless centaur completely off-guard!
You slash the centaur!
You kill the centaur!
You block the wight's attack. The wight barely misses you.
You block the adder's attack.
You closely miss the adder.
You catch the helpless wight completely off-guard!
You hit the wight but do no damage. The wight hits you but does no damage.
The adder bites you but does no damage. The wight hits you but does no damage.
You slash the adder!
You kill the adder!
You closely miss the wight. The wight barely misses you.
The wight hits you with a +1 battleaxe of flaming!
* * * LOW HITPOINT WARNING * * *
The wight burns you.
You die...

##### ####...... ##
#.z)z[.... ..
#z##...... #. #@#
############.
###O#########.)..>..
###...................
#)g.#.#########.......
#..O...#.# #)......
#....##.#'# #......)
...... ..... #.......
..### #.... #....... .
#..... #.......


You could see an ogre (unable to see you) and 2 wights.

Vanquished Creatures
  Grinder (D:4)
  Edmund (D:4)
  A centaur (D:6)
  A phantom (D:6)
  A scorpion (D:4)
  3 wights (D:6)
  An orc priest (D:6)
  2 hounds (D:6)
  2 gnoll boudas
  An iguana (D:5)
  3 orc wizards
  Robin (D:2)
  5 gnolls
  6 adders
  14 orcs
  12 ball pythons
  8 bats
  10 endoplasms
  4 giant cockroaches
  12 goblins
  11 hobgoblins
  5 quokkas
  3 frilled lizards
  2 kobolds
  4 rats
114 creatures vanquished.

Vanquished Creatures (others)
  A gnoll (D:6)
  A hobgoblin (D:2)
2 creatures vanquished.

Grand Total: 116 creatures vanquished

Notes
Turn   | Place    | Note
-------+----------+-------------------------------------------
     0 | D:1      | leviel the Hill Orc Fighter began the quest for the Orb.
     0 | D:1      | Reached XP level 1. HP: 19/19 MP: 1/1
   105 | D:1      | Reached XP level 2. HP: 27/27 MP: 2/2
   283 | D:1      | Reached XP level 3. HP: 18/33 MP: 3/3
   642 | D:2      | Found a faded altar of an unknown god.
   657 | D:2      | Noticed Robin
   703 | D:2      | Killed Robin
   704 | D:2      | Reached XP level 4. HP: 40/40 MP: 4/4
   898 | D:2      | Found Xoriraukit's Antique Weapon Shop.
   963 | D:2      | Identified a scroll of acquirement
   966 | D:2      | Acquired the +6 crystal plate armour "Aczod" {rF+ Stlth+}
  1100 | D:2      | Found a runed translucent door.
  1101 | D:2      | Noticed Crazy Yiuf
  1469 | D:3      | Reached XP level 5. HP: 47/47 MP: 5/5
  2433 | D:4      | Noticed Edmund
  2449 | D:4      | Killed Edmund
  2450 | D:4      | Reached skill level 5 in Fighting
  2450 | D:4      | Reached XP level 6. HP: 56/56 MP: 6/6
  2565 | D:4      | Noticed Grinder
  2574 | D:4      | Paralysed by Grinder for 3 turns
  2580 | D:4      | Killed Grinder
  2581 | D:4      | Reached skill level 5 in Axes
  2581 | D:4      | Reached skill level 5 in Armour
  2581 | D:4      | Reached skill level 5 in Shields
  2581 | D:4      | Reached XP level 7. HP: 48/62 MP: 7/7
  2741 | D:5      | Entered Level 5 of the Dungeon
  3027 | D:5      | Found an ancient bone altar of Kikubaaqudgha.
  3029 | D:5      | Found a white marble altar of Elyvilon.
  3029 | D:5      | Noticed a hornet
  3035 | D:5      | Paralysed by a hornet for 3 turns
  3040 | D:5      | Paralysed by a hornet for 1 turns
  3455 | D:6      | Reached XP level 8. HP: 49/71 MP: 8/8
  3472 | D:6      | HP: 1/71 [wight/+1 battleaxe of flaming (12)]
  3472 | D:6      | Slain by a wight

Illustrated notes

Levels and vault maps discovered:
D:1:      amcnicky_arrival_choice, layout_rooms
D:2:      layout_loops_ring, shapermc_ecumenical_altar_totnotflames,
          serial_shops, nicolae_shop_advertising_works
          [nicolae_subvault_shop_adworks], uniq_robin, uniq_crazy_yiuf_cottage
D:3:      layout_loops_ring
D:4:      layout_loops_cross, kennysheep_decorative_pillar, uniq_grinder,
          uniq_edmund
D:5:      layout_loops_ring, mainiacjoe_overflow_catwalk_spiral,
          gammafunk_ghost_nasty_kobolds
D:6:      layout_basic, minmay_temple_entry_grid

Skill      XL: |  1  2  3  4  5  6  7  8 |
---------------+-------------------------+-----
Axes           | 3 4 5 6 |  6.8
Fighting       | 4 5 6 |  6.8
Armour         | 4 5 6 |  6.2
Shields        | 4 5 6 |  6.2

Action                     |  1- 3 |  4- 6 |  7- 9 || total
---------------------------+-------+-------+-------++-------
  Melee: War axe           |   104 |   103 |   104 ||   311
         Dagger            |       |    32 |       ||    32
    Use: Potion            |     4 |       |     4 ||     8
         Scroll            |       |     6 |     1 ||     7
   Stab: Invisible         |     2 |       |     6 ||     8
 Armour: Scale mail        |    62 |    16 |       ||    78
         Crystal plate arm |       |    68 |   128 ||   196
  Dodge: Dodged            |    66 |    26 |    25 ||   117
  Block: Buckler           |    31 |    45 |    80 ||   156
         Reflection        |       |       |     1 ||     1

Table legend: (Time is in decaauts)
 A = Elapsed time spent in this place.
 B = Non-inter-level travel time spent in this place.
 C = Inter-level travel time spent in this place.
 D = Time resting spent in this place.
 E = Time spent auto-exploring this place.
 F = Levels seen in this place.
 G = Mean time per level.
                   A        B        C        D        E       F      G
               +--------+--------+--------+--------+--------+-----+--------+
         Total |   3574 |   3399 |    175 |    250 |   2307 |   6 |  595.7 |
       Dungeon |   3574 |   3399 |    175 |    250 |   2307 |   6 |  595.7 |
               +--------+--------+--------+--------+--------+-----+--------+

Top non-repeatable levels by time:
     D:2: 867 daAuts
     D:4: 665 daAuts
     D:3: 648 daAuts
     D:1: 634 daAuts
     D:6: 406 daAuts
     D:5: 353 daAuts
